 Dungeon Crawl Stone Soup version 0.31-a0-840-g6d2ecbb638 (webtiles) character file.

Game seed: 11264689580541098805

163 BritishOli the Trooper (level 5, -1/42 HPs)
             Began as a Demonspawn Fighter on Sept 27, 2023.
             Slain by a crimson imp (2 damage)
             ... summoned by Eustachio
             ... on level 3 of the Dungeon.
             The game lasted 00:03:44 (3264 turns).

BritishOli the Trooper (Demonspawn Fighter)         Turns: 3264, Time: 00:03:44

Health: -1/42      AC:  6    Str: 19    XL:     5   Next: 20%
Magic:  5/5        EV:  9    Int:  9    God:
Gold:   50         SH:  9    Dex: 12    Spells: 4/4 levels left

rFire   . . .        a - +0 war axe
rCold   + . .        c - +0 buckler
rNeg    . . .        b - +0 scale mail
rPois   +            (no helmet)
rElec   .            (no cloak)
rCorr   .            (no gloves)
SInv    .            (no boots)
Will    .....        f - amulet of reflection Stlth
                     e - ring of poison resistance
HPRegen 0.27/turn    n - ring of protection from cold
MPRegen 0.09/turn

%: reflection
@: on berserk cooldown, slowed, very slow
A: demonic guardian 1, foul stench 1, weakness stinger 1
a: no special abilities


You were on level 3 of the Dungeon.
You visited 1 branch of the dungeon, and saw 4 of its levels.

You collected 50 gold pieces.

Inventory:

Hand Weapons
 a - a +0 war axe (weapon)
Armour
 b - a +0 scale mail (worn)
 c - a +0 buckler (worn)
Jewellery
 e - a ring of poison resistance (left hand)
 f - an amulet of reflection (around neck)
 n - a ring of protection from cold (right hand)
 q - a +6 ring of intelligence
Scrolls
 h - a scroll of identify {unknown}
 j - 3 scrolls of fog
 l - 3 scrolls of teleportation {unknown}
 m - a scroll of enchant armour {unknown}
 o - 2 scrolls of noise {unknown}
 r - a scroll of vulnerability {unknown}
Potions
 d - a potion of might
 g - a potion of heal wounds
 k - 2 potions of curing
 p - a potion of haste {unknown}


   Skills:
 + Level 3.9 Fighting
 + Level 2.8 Axes
 + Level 3.6 Armour
 + Level 3.5 Shields


You had 4 spell levels left.
You didn't know any spells.
Your spell library contained the following spells:

 Spells                   Type           Power      Damage    Failure   Level
 Apportation              Tloc           0%         N/A       83%         1
 Summon Small Mammal      Summ           0%         N/A       83%         1
 Jinxbite                 Hex            0%         N/A       92%         2
 Lesser Beckoning         Tloc           0%         N/A       92%         2
 Call Canine Familiar     Summ           0%         N/A       99%         3
 Gell's Gravitas          Tloc           0%         N/A       99%         3
 Inner Flame              Hex/Fire       0%         N/A       99%         3
 Stone Arrow              Conj/Erth      0%         3d7       99%         3
 Summon Guardian Golem    Hex/Summ       0%         N/A       99%         3
 Teleport Other           Tloc           0%         N/A       99%         3
 Tukima's Dance           Hex            0%         N/A       99%         3
 Animate Armour           Summ/Erth      0%         N/A       100%        4
 Dimensional Bullseye     Hex/Tloc       0%         N/A       100%        4
 Flame Wave               Conj/Fire      0%         2d4       100%        4
 Iskenderun's Mystic Bla  Conj/Tloc      0%         2d3       100%        4
 Sticky Flame             Conj/Fire      0%         2d3       100%        4
 Alistair's Intoxication  Tmut/Pois      0%         N/A       100%        5
 Lehudib's Crystal Spear  Conj/Erth      0%         10d2      100%        8


Dungeon Overview and Level Annotations

Branches:
Dungeon (4/15)
 Temple: D:4-7

Altars:

Shops:
D:4 (

Annotations:
D:3 Eustachio


Innate Abilities, Weirdness & Mutations

A weak demonic guardian rushes to your aid.
You may rarely emit foul miasma when damaged in melee.
You have a small tail.


Message History

Eustachio hits your quasit with a +3 rapier of speed.
Your quasit bites Eustachio.
Your quasit barely misses Eustachio.
Your quasit closely misses Eustachio.
You swap places.
You block the crimson imp's attack. The rat closely misses your quasit.
The shadow imp hits your quasit but does no damage.
Eustachio hits you with a +3 rapier of speed.
* * * LOW HITPOINT WARNING * * *
A demonic guardian appears!
Eustachio hits you with a +3 rapier of speed.
* * * LOW HITPOINT WARNING * * *
The rat completely misses your quasit. The crimson imp barely misses you.
You closely miss Eustachio.
Eustachio is moderately wounded.
You hit the crimson imp.
Your quasit disappears in a puff of smoke!
Eustachio hits you with a +3 rapier of speed.
* * * LOW HITPOINT WARNING * * *
Your quasit closely misses the rat.
Your quasit claws the rat.
Your quasit completely misses the rat.
You block the crimson imp's attack.
The crimson imp hits your quasit but does no damage.
Eustachio barely misses you.
Your quasit misses the crimson imp.
Your quasit claws the crimson imp. x2; Eustachio barely misses you.
The rat barely misses you.
The crimson imp hits you but does no damage.
The shadow imp misses your quasit.
The crimson imp barely misses your quasit.
Unknown command.
You barely miss Eustachio.
Eustachio is moderately wounded.
You miss the crimson imp. You barely miss the rat.
The shadow imp disappears in a puff of smoke!
Your quasit barely misses the crimson imp.
Your quasit claws the crimson imp but does no damage.
Your quasit barely misses the crimson imp.
Eustachio closely misses you.
Your quasit misses the crimson imp.
Your quasit closely misses the crimson imp.
Your quasit claws the crimson imp but does no damage.
The rat bites you but does no damage. The crimson imp hits you.
You die...

..#.'####'.#.# #.##....♣~~P~~
..#.#....#.#.## ##.###..##♣~♣♣♣
..#.#.##.#.#..## #..##..## ###
..#.#.##|#.#...# #.###.##
..#.#....#.#.#.# #.##..#
..#.+####'.#.#.# #.##.## ######
..#........#...####.##.# #♣♣~~~~~
..+########'.#§5##))..♣P♣♣~♣♣♣♣~♣
..............5r@5r..♣♣♣P~♣~~PP~P
####.#..##....###@.♣♣PP~~~P~~≈~≈≈
# #.#.#########..~~~~~~~~~~≈≈≈≈≈
#...# #..(♣~~~~~~≈≈≈≈≈≈≈≈ ###.#
#.♣~~~~~P~≈~≈≈≈≈≈≈≈ ###
#.♣~~~~~~P~≈≈≈≈≈≈≈≈
#.~~~P~♣~~~~≈≈≈≈≈≈≈
#..P♣~~♣P~PP≈≈≈≈≈≈≈
##..~~~~~~~~≈≈≈≈≈≈≈


You could see Eustachio, 2 crimson imps, a quokka (summoned), a rat (summoned)
and a friendly quasit (summoned).

Vanquished Creatures
  Jessica (D:3)
  2 gnolls (D:3)
  3 adders
  A worm (D:3)
  3 dart slugs
  8 bats
  3 endoplasms
  7 goblins
  3 hobgoblins
  5 jackals (D:2)
  2 quokkas
  8 ball pythons
  3 frilled lizards
  10 kobolds
  6 rats
65 creatures vanquished.

Vanquished Creatures (collateral kills)
  A gnoll (D:3)
  An ufetubus (D:3)
  A giant cockroach (D:4)
  A hobgoblin (D:3)
4 creatures vanquished.

Grand Total: 69 creatures vanquished

Notes
Turn   | Place    | Note
-------+----------+-------------------------------------------
     0 | D:1      | BritishOli the Demonspawn Fighter began the quest for the
                  | Orb.
     0 | D:1      | Reached XP level 1. HP: 18/18 MP: 1/1
   282 | D:1      | Gained mutation: You have a small tail. [demonic ancestry]
   282 | D:1      | Reached XP level 2. HP: 24/24 MP: 2/2
  1066 | D:2      | Reached XP level 3. HP: 29/29 MP: 3/3
  1581 | D:2      | Gained mutation: A weak demonic guardian rushes to your
                  | aid. [demonic ancestry]
  1581 | D:2      | Reached XP level 4. HP: 31/35 MP: 4/4
  2454 | D:3      | Noticed Jessica
  2459 | D:3      | Killed Jessica
  2460 | D:3      | Gained mutation: You may rarely emit foul miasma when
                  | damaged in melee. [demonic ancestry]
  2460 | D:3      | Reached XP level 5. HP: 42/42 MP: 5/5
  3234 | D:4      | Found Iroant's Antique Weapon Emporium.
  3235 | D:4      | Noticed Eustachio
  3262 | D:3      | HP: 2/42 [Eustachio/+3 rapier of speed (3)]
  3264 | D:3      | Slain by a crimson imp

Illustrated notes

Levels and vault maps discovered:
D:1:      psy_arrival_statuary, layout_basic
D:2:      layout_basic, minivault_27, ebering_dispersal_statue_hall,
          amcnicky_mini_rare_corridor_liquid, serial_bayou_pond_e, minivault_23,
          minmay_octomino_c4
D:3:      layout_basic, serial_forest, infiniplex_forest_join,
          infiniplex_forest_end_2, infiniplex_forest_clump_tiny,
          infiniplex_forest_straight_5, infiniplex_forest_end_1,
          infiniplex_forest_clump_small, infiniplex_forest_split, minivault_11,
          serial_bayou_ford_a, serial_bayou_lake_a, uniq_jessica
D:4:      layout_rooms, serial_shops, nicolae_shop_hallway_plus,
          serial_bayou_pond_a, uniq_menkaure, uniq_eustachio

Skill      XL: |  1  2 |
---------------+-------+-----
Axes           | 2 |  2.8
Shields        | 3 |  3.5
Armour         | 3 |  3.6
Fighting       | |  3.9

Action                     |  1- 3 |  4- 6 || total
---------------------------+-------+-------++-------
  Melee: War axe           |   124 |   101 ||   225
         Tailslap          |     8 |     7 ||    15
    Use: Scroll            |       |     3 ||     3
         Potion            |       |     3 ||     3
   Stab: Distracted        |       |     1 ||     1
 Armour: Scale mail        |   109 |   105 ||   214
  Dodge: Dodged            |    66 |    75 ||   141
  Block: Buckler           |    46 |    81 ||   127
         Reflection        |       |     3 ||     3

Table legend: (Time is in decaauts)
 A = Elapsed time spent in this place.
 B = Non-inter-level travel time spent in this place.
 C = Inter-level travel time spent in this place.
 D = Time resting spent in this place.
 E = Time spent auto-exploring this place.
 F = Levels seen in this place.
 G = Mean time per level.
                   A        B        C        D        E       F      G
               +--------+--------+--------+--------+--------+-----+--------+
         Total |   3418 |   3246 |    172 |     93 |   2511 |   4 |  854.5 |
       Dungeon |   3418 |   3246 |    172 |     93 |   2511 |   4 |  854.5 |
               +--------+--------+--------+--------+--------+-----+--------+

Top non-repeatable levels by time:
     D:3: 1295 daAuts
     D:2: 1186 daAuts
     D:1: 922 daAuts
     D:4: 14 daAuts
